 Dungeon Crawl Stone Soup version 0.31-a0-167-g1c394c0614 (webtiles) character file.

Game seed: 7558361253235828391

176 qw the Chopper (level 5, -6/32 HPs)
             Began as a Gargoyle Fighter on June 14, 2023.
             Killed from afar by an orc wizard (9 damage)
             ... with a puff of flame
             ... on level 4 of the Dungeon.
             The game lasted 00:01:14 (2575 turns).

qw the Chopper (Gargoyle Fighter)                   Turns: 2575, Time: 00:01:14

Health: -6/32      AC: 17    Str: 28    XL:     5   Next: 56%
Magic:  5/5        EV:  7    Int:  8    God:
Gold:   259        SH:  0    Dex:  9    Spells: 4/4 levels left

rFire   . . .        Y - +1 war axe
rCold   + . .        c - +0 buckler
rNeg    + . .        m - +0 plate armour
rPois   inf          (no helmet)
rElec   +            (no cloak)
rCorr   .            g - +0 pair of gloves
SInv    .            j - +0 pair of boots
Will    .....        (no amulet) Stlth
                     e - +6 ring of strength
HPRegen 0.25/turn    i - ring of protection from cold
MPRegen 0.09/turn

%: no passive effects
@: confused
A: sickness immunity, AC +4, negative energy resistance 1, electricity
resistance, torment resistance 1, petrification resistance
a: no special abilities


You were on level 4 of the Dungeon.
You visited 1 branch of the dungeon, and saw 4 of its levels.

You collected 259 gold pieces.


Innate Abilities, Weirdness & Mutations

You are immune to sickness and miasma.
Your stone body is resilient. (AC +4)
You are immune to poison.
You resist negative energy. (rN+)
You are resistant to electric shocks. (rElec)
You are resistant to unholy torment.
You are immune to petrification.


   Skills:
 - Level 3.2 Fighting
 + Level 4.9 Axes
 - Level 1.0 Throwing
 - Level 3.2 Armour
 - Level 3.2 Shields


You had 4 spell levels left.
You didn't know any spells.
Your spell library was empty.

Inventory:

Hand Weapons
 l - a +0 flail
 Y - a +1 war axe (weapon)
Missiles
 n - a boomerang
Armour
 c - a +0 buckler (worn)
 g - a +0 pair of gloves (worn)
 j - a +0 pair of boots (worn)
 m - a +0 plate armour (worn)
Jewellery
 e - a +6 ring of strength (left hand)
 i - a ring of protection from cold (right hand)
Scrolls
 a - a scroll of identify
 h - a scroll of teleportation
Potions
 b - a potion of brilliance {unknown}
 d - a potion of might
 f - a potion of attraction
 k - a potion of resistance

Dungeon Overview and Level Annotations

Branches:
Dungeon (4/15)
 Temple: D:4-7

Altars:
Elyvilon


Message History

Something hits you but does no damage. Something hits you but does no damage.
The orc barely misses you. Something hits you but does no damage.
Something hits you. The orc barely misses you.
You hear some strange, mumbled words.
You are more confused.
Something hits you but does no damage. The orc hits you but does no damage.
Something hits you but does no damage.
You hear some strange, mumbled words.
You are more confused.
The orc hits you but does no damage. Something hits you but does no damage.
An orc wizard appears from thin air!
Reactivating autopickup.
The orc wizard casts a spell.
The orc wizard flickers and vanishes!
Deactivating autopickup; reactivate with Ctrl-A.
The orc hits you with a +0 short sword. Something hits you.
Something hits you but does no damage. The orc hits you but does no damage.
Something hits you.
An orc wizard appears from thin air!
Reactivating autopickup.
Something hits you but does no damage.
Deactivating autopickup; reactivate with Ctrl-A.
The orc hits you with a +0 short sword.
The orc wizard hits you but does no damage.
You hear some strange, mumbled words.
You are more confused.
The orc hits you but does no damage.
The orc wizard hits you but does no damage.
Something hits you but does no damage. The orc barely misses you.
The orc wizard hits you with a +0 dagger.
Something hits you but does no damage. The orc hits you but does no damage.
The orc wizard hits you but does no damage.
Something hits you. The orc hits you but does no damage.
The orc wizard points at you and mumbles some strange words.
The puff of flame hits you but does no damage.
You hear some strange, mumbled words.
A puff of flame appears from out of thin air!
The puff of flame hits you!
You die...

.# .###### ....(.#
......# ......#
.%....# ##o.(#
..#######oh.#
........@{#.#
.....###.o..# ...
##.#### . ##..# ...
#..## ..#
..>..#.##########
..#
.....#..........#
..##
...................#
...#
..................#


You could see a hound, an orc wizard and 2 orcs.

Vanquished Creatures
  An orc priest (D:3)
  An orc wizard (D:3)
  Terence (D:3)
  3 adders
  5 orcs
  9 ball pythons
  2 endoplasms
  2 giant cockroaches (D:1)
  7 goblins
  4 hobgoblins
  2 jackals (D:4)
  5 quokkas
  4 bats
  7 frilled lizards
  7 kobolds
  7 rats
67 creatures vanquished.

Notes
Turn   | Place    | Note
-------+----------+-------------------------------------------
     0 | D:1      | qw the Gargoyle Fighter began the quest for the Orb.
     0 | D:1      | Reached XP level 1. HP: 14/14 MP: 1/1
     0 | D:1      | 0 ||| qw: Version: 0.2-a-29-g1fa15c8
     0 | D:1      | 0 ||| qw: Game counter: 5149
     0 | D:1      | 0 ||| qw: Always use a shield: true
     0 | D:1      | 0 ||| qw: God list: Okawaru
     0 | D:1      | 0 ||| qw: Allow faded altars: false
     0 | D:1      | 0 ||| qw: Do Orc after D:15 true
     0 | D:1      | 0 ||| qw: Do second Lair branch before Depths: true
     0 | D:1      | 0 ||| qw: Lair rune preference: random
     0 | D:1      | 0 ||| qw: Plans: Normal, Zot:1-4, Slime:5, God:TSO, Crypt,
                  | Tomb, Abyss, Pan, Hells, Win
     0 | D:1      | 0 ||| PLANNING D:1-11
    20 | D:1      | Reached skill level 2 in Axes
    57 | D:1      | 57 ||| Stepping ~*~*~tactically~*~*~ (hiding).
    58 | D:1      | 58 ||| Stepping ~*~*~tactically~*~*~ (hiding).
    99 | D:1      | Reached XP level 2. HP: 19/19 MP: 2/2
   415 | D:1      | 415 ||| Stepping ~*~*~tactically~*~*~ (hiding).
   418 | D:1      | 418 ||| Stepping ~*~*~tactically~*~*~ (hiding).
   426 | D:1      | Reached skill level 3 in Axes
   478 | D:1      | 478 ||| Stepping ~*~*~tactically~*~*~ (stealth).
   501 | D:1      | Reached XP level 3. HP: 23/23 MP: 3/3
   688 | D:1      | 688 ||| UPGRADING to +0 pair of boots.
   693 | D:1      | 693 ||| UPGRADING to +0 plate armour.
   703 | D:1      | 703 ||| DROPPING +0 scale mail.
   704 | D:1      | 704 ||| DROPPING orb of wrath.
   705 | D:1      | 705 ||| UPGRADING to +6 ring of strength.
   706 | D:1      | 706 ||| READING scroll labelled BOSESTR GAUNAU.
   710 | D:1      | 710 ||| READING scroll labelled IHUEBAXZOCZE.
   711 | D:1      | 711 ||| READING scroll labelled QURACA VAALIE.
   949 | D:2      | Found a faded altar of an unknown god.
   983 | D:2      | Reached skill level 1 in Throwing
  1180 | D:2      | 1180 ||| Stepping ~*~*~tactically~*~*~ (hiding).
  1518 | D:2      | 1518 ||| UPGRADING to ring of protection from cold.
  1519 | D:2      | 1519 ||| READING scroll labelled MOOFUMPEOH.
  1520 | D:2      | 1520 ||| READING scroll labelled MUAXUDW CAEGI.
  1539 | D:3      | Reached XP level 4. HP: 28/28 MP: 4/4
  1673 | D:3      | 1673 ||| FLEEEEING.
  1674 | D:3      | 1674 ||| FLEEEEING.
  1675 | D:3      | 1675 ||| FLEEEEING.
  1676 | D:3      | 1676 ||| FLEEEEING.
  1677 | D:3      | 1677 ||| FLEEEEING.
  1678 | D:3      | 1678 ||| FLEEEEING.
  1679 | D:3      | 1679 ||| FLEEEEING.
  1697 | D:3      | HP: 3/28 [orc priest/divine providence (11)]
  1698 | D:3      | 1698 ||| READING 2 scrolls of teleportation.
  1700 | D:3      | Reached skill level 4 in Axes
  1702 | D:3      | 1702 ||| READING scroll of teleportation.
  1853 | D:3      | 1853 ||| DROPPING +0 whip.
  1854 | D:3      | Found a white marble altar of Elyvilon.
  2225 | D:3      | Noticed Terence
  2230 | D:3      | Killed Terence
  2231 | D:3      | Reached XP level 5. HP: 32/32 MP: 5/5
  2363 | D:3      | 2363 ||| UPGRADING to +0 pair of gloves.
  2368 | D:3      | 2368 ||| DRINKING 2 fizzy silvery potions.
  2369 | D:3      | 2369 ||| DRINKING 2 cyan potions.
  2370 | D:3      | 2370 ||| READING 3 scrolls of identify.
  2370 | D:3      | 2370 ||| IDENTIFYING yellow potion
  2371 | D:3      | 2371 ||| READING 2 scrolls of identify.
  2371 | D:3      | 2371 ||| IDENTIFYING sedimented clear potion
  2372 | D:3      | 2372 ||| DROPPING potion of degeneration.
  2373 | D:3      | 2373 ||| DROPPING potion of enlightenment.
  2537 | D:4      | 2537 ||| FLEEEEING.
  2569 | D:4      | HP: 6/32 [something (4)]
  2574 | D:4      | HP: 3/32 [something (1)]
  2575 | D:4      | Killed from afar by an orc wizard

Levels and vault maps discovered:
D:1:      dpeg_arrival_simpleton_a, layout_basic
D:2:      layout_loops_ring, chequers_ecumenical_altar_simple_redux
D:3:      layout_loops_ring, nicolae_elyvilon_temple_path, minmay_misc_feat_chi,
          kennysheep_generic_room_2, uniq_terence
D:4:      layout_rooms, amcnicky_mini_corridor_feature, amethyst_killhole,
          glass_columns_c

Skill      XL: |  1  2  3  4 |
---------------+-------------+-----
Axes           | 2 3 4 |  4.9
Throwing       | 1 |  1.0
Fighting       | |  3.2
Armour         | |  3.2
Shields        | |  3.2

Action                     |  1- 3 |  4- 6 || total
---------------------------+-------+-------++-------
  Melee: War axe           |   104 |    42 ||   146
  Throw: Javelin           |    19 |    18 ||    37
         Boomerang         |       |     7 ||     7
    Use: Scroll            |     5 |     4 ||     9
         Potion            |       |     2 ||     2
 Armour: Scale mail        |    27 |       ||    27
         Plate armour      |    23 |    81 ||   104
  Dodge: Dodged            |    45 |    26 ||    71
  Block: Buckler           |    15 |     4 ||    19

Table legend:
 A = Non-vault XP
 B = Vault XP
 C = Vault XP percentage of total XP
 D = Non-vault monster count
 E = Vault monster count
 F = Vault count percentage of total count
                 A         B        C        D         E       F
            +---------+---------+-------+---------+---------+-------
      Total |     217 |      35 |  13.9 |      65 |       2 |   3.0
            +---------+---------+-------+---------+---------+-------
        D:1 |      41 |       0 |   0.0 |      27 |       0 |   0.0
        D:2 |      33 |       0 |   0.0 |      15 |       0 |   0.0
        D:3 |     128 |      35 |  21.5 |      16 |       2 |  11.1
        D:4 |      15 |       0 |   0.0 |       7 |       0 |   0.0
            +---------+---------+-------+---------+---------+-------
